[Event "Chess Super League 2021"]
[Site "Online"]
[Date "2021.10.14"]
[Round "4.1"]
[White "Savitha Shri B"]
[Black "Priyanka, K."]
[Result "1-0"]
[ECO "B90"]
[WhiteElo "2281"]
[BlackElo "2218"]
[Annotator "NA"]
[PlyCount "143"]
[EventDate "2021.10.11"]
[EventType "team-tourn"]
[EventCountry "NET"]
[SourceTitle "playchess.com"]
[Source "ChessBase"]
[SourceQuality "1"]
[TimeControl "900+10"]

1. e4 c5 2. Nf3 d6 3. d4 cxd4 4. Nxd4 Nf6 5. Nc3 a6 6. Nb3 Nbd7 7. g4 h6 8. Bg2 e5 9. h4 Be7 10. g5 hxg5 11. hxg5 Rxh1+ 12. Bxh1 Nh7 13. g6 fxg6 14. Be3 Ndf6 15. Bf3 Be6 16. Qe2 $11 b5 17. O-O-O Qc7 18. Rg1 Nf8 19. Qd2 Rc8 20. Kb1 b4 21. Na4 a5 22. Rc1 Qc6 23. Nb6 Rb8 24. Nd5 Bxd5 25. exd5 Qb5 26. c4 bxc3 27. Rxc3 a4 28. Nc1 e4 29. Be2 Qxd5 30. Qc2 Qa5 31. Bd2 Qa8 32. Rc4 a3 33. Nb3 Ne6 34. f3 d5 35. Rc6 Nd4 36. Nxd4 Rxb2+ 37. Qxb2 axb2 38. Bb5 Kf7 39. Ne6 g5 40. Nxg5+ Kg6 41. fxe4 dxe4 42. Nxe4 Qb7 43. a4 Qb8 44. Kxb2 Qe5+ 45. Nc3 Qd4 46. Kc2 Bb4 47. Rc4 Qd6 48. Rh4 Bxc3 49. Bxc3 Qg3 50. Bd3+ Kf7 51. Bc4+ Kg6 52. Bd3+ Kf7 53. Rd4 Qf2+ 54. Kb3 g5 55. a5 g4 56. a6 g3 57. a7 Qf3 58. Ra4 Qb7+ 59. Bb4 Qa8 60. Bc5 g2 61. Rf4 Qb7+ 62. Rb4 Qf3 63. Kc2 Nd5 64. Rb7+ Ke6 65. a8=Q Nb4+ 66. Bxb4 Qf2+ 67. Bd2 Qc5+ 68. Bc3 Qf2+ 69. Kb3 g1=Q 70. Qe8+ Kd6 71. Qe7+ Kc6 72. Be4# 1-0

[Event "Chess Super League 2021"]
[Site "Online"]
[Date "2021.10.14"]
[Round "4.2"]
[White "Muzychuk, Mariya"]
[Black "Karavade, Eesha"]
[Result "1/2-1/2"]
[ECO "D31"]
[WhiteElo "2536"]
[BlackElo "2345"]
[Annotator "ChessBase"]
[PlyCount "84"]
[EventDate "2021.10.11"]
[EventType "team-tourn"]
[EventCountry "NET"]
[SourceTitle "playchess.com"]
[Source "ChessBase"]
[SourceQuality "1"]
[TimeControl "900+10"]

1. c4 e6 2. Nc3 d5 3. d4 Bb4 4. cxd5 exd5 5. Bf4 c5 6. e3 c4 7. Bxb8 Bxc3+ 8. bxc3 Rxb8 9. Nf3 Nf6 10. Nd2 Bf5 11. Be2 O-O 12. O-O Qa5 13. Qc1 Rfe8 14. a4 h6 15. Re1 Ne4 16. Nxe4 Bxe4 17. f3 Bg6 18. Bd1 Bd3 19. Qd2 b5 20. Bc2 Bxc2 21. Qxc2 b4 22. cxb4 Rxb4 23. e4 Qb6 24. exd5 Qxd4+ 25. Qf2 Qxf2+ 26. Kxf2 Rb2+ 27. Kg3 Rxe1 28. Rxe1 Rd2 29. Re8+ Kh7 30. Rc8 Rxd5 31. Rxc4 a5 32. Rc7 Rd4 33. Rxf7 Rxa4 34. Ra7 Ra2 35. h4 h5 36. Kh3 Kg6 37. g4 hxg4+ 38. Kxg4 a4 39. h5+ Kh6 40. Ra6+ Kh7 41. Kg5 Rg2+ 42. Kf5 Rh2 1/2-1/2

[Event "Chess Super League 2021"]
[Site "Online"]
[Date "2021.10.14"]
[Round "4.2"]
[White "Kosteniuk, Alexandra"]
[Black "Gomes, Mary Ann"]
[Result "1-0"]
[ECO "E44"]
[WhiteElo "2518"]
[BlackElo "2354"]
[Annotator "ChessBase"]
[PlyCount "61"]
[EventDate "2021.10.11"]
[EventType "team-tourn"]
[EventCountry "NET"]
[SourceTitle "playchess.com"]
[Source "ChessBase"]
[SourceQuality "1"]
[TimeControl "900+10"]

1. d4 Nf6 2. c4 e6 3. Nc3 Bb4 4. e3 b6 5. Nge2 Bb7 6. a3 Bxc3+ 7. Nxc3 O-O 8. Bd3 d5 9. cxd5 exd5 10. b4 Nbd7 11. O-O c5 12. dxc5 bxc5 13. Bb2 Qb6 14. Ne2 Rfe8 15. Ng3 Ne5 16. Be2 Rad8 17. Qc2 d4 18. Qxc5 Qxc5 19. bxc5 d3 20. Bd1 Bc6 21. Bd4 Nc4 22. Nf5 Nd2 23. Re1 Rd5 24. g4 h5 25. h3 hxg4 26. hxg4 Re6 27. f3 g6 28. Ne7+ Rxe7 29. Bxf6 Re8 30. Kf2 Rxc5 31. Rh1 1-0

[Event "Chess Super League 2021"]
[Site "Online"]
[Date "2021.10.14"]
[Round "4.2"]
[White "Tarini Goyal"]
[Black "Mrudul Dehankar"]
[Result "1/2-1/2"]
[ECO "E11"]
[WhiteElo "2164"]
[BlackElo "2256"]
[Annotator "NA"]
[PlyCount "76"]
[EventDate "2021.10.11"]
[EventType "team-tourn"]
[EventCountry "NET"]
[SourceTitle "playchess.com"]
[Source "ChessBase"]
[SourceQuality "1"]
[TimeControl "900+10"]

1. d4 Nf6 2. c4 e6 3. g3 Bb4+ 4. Bd2 c5 5. Bxb4 cxb4 6. Bg2 O-O 7. a3 bxa3 8. Nxa3 Nc6 9. Nf3 d6 10. O-O e5 11. Nb5 e4 12. Ng5 Bf5 13. d5 Ne5 14. Qd4 a6 15. Nc3 Rc8 16. b3 e3 17. fxe3 Bg6 18. Nge4 Nxe4 19. Nxe4 f5 20. Nf2 Bh5 21. Ra2 Qe7 22. Nh3 Ng4 23. Nf4 Qxe3+ 24. Qxe3 Nxe3 25. Nxh5 Nxf1 26. Bxf1 g5 27. e3 Rce8 28. Kf2 Kf7 29. Be2 Kg6 30. Bd1 Re7 31. Rd2 Re5 32. Rd3 b5 33. cxb5 axb5 34. h3 h6 35. Kg2 Rfe8 36. Kf2 Rf8 37. Kg2 Rfe8 38. Kf2 Rf8 1/2-1/2

[Event "Chess Super League 2021"]
[Site "Online"]
[Date "2021.10.14"]
[Round "4.3"]
[White "Muzychuk, Anna"]
[Black "Dzagnidze, Nana"]
[Result "1-0"]
[ECO "B51"]
[WhiteElo "2533"]
[BlackElo "2524"]
[Annotator "ChessBase"]
[PlyCount "69"]
[EventDate "2021.10.11"]
[EventType "team-tourn"]
[EventCountry "NET"]
[SourceTitle "playchess.com"]
[Source "ChessBase"]
[SourceQuality "1"]
[TimeControl "900+10"]

1. e4 c5 2. Nf3 d6 3. Bb5+ Nd7 4. Ba4 Ngf6 5. O-O a6 6. c4 g6 7. Nc3 Bg7 8. d3 O-O 9. h3 Rb8 10. Rb1 b6 11. Be3 Bb7 12. b4 e6 13. Qd2 Qc7 14. Rfc1 Ba8 15. a3 Rfd8 16. Bg5 Ne5 17. Qe3 h6 18. Bh4 g5 19. Bg3 Nh5 20. Bh2 Ng6 21. Ne2 Be5 22. Bxe5 dxe5 23. g3 Kg7 24. Nc3 f5 25. bxc5 bxc5 26. Rxb8 Qxb8 27. Qxc5 Rxd3 28. Rb1 Qd6 29. Qa7+ Kf6 30. Be8 Ne7 31. Bxh5 Bxe4 32. Nxe4+ fxe4 33. Nh2 e3 34. Ng4+ Kg7 35. Nxe3 1-0

[Event "Chess Super League 2021"]
[Site "Online"]
[Date "2021.10.14"]
[Round "4.3"]
[White "Soumya, Swaminathan"]
[Black "Harika, Dronavalli"]
[Result "1/2-1/2"]
[ECO "C42"]
[WhiteElo "2351"]
[BlackElo "2511"]
[Annotator "ChessBase"]
[PlyCount "132"]
[EventDate "2021.10.11"]
[EventType "team-tourn"]
[EventCountry "NET"]
[SourceTitle "playchess.com"]
[Source "ChessBase"]
[SourceQuality "1"]
[TimeControl "900+10"]

1. e4 e5 2. Nf3 Nf6 3. Nxe5 d6 4. Nf3 Nxe4 5. d4 d5 6. Bd3 Bd6 7. O-O O-O 8. c4 c6 9. Nc3 Nxc3 10. bxc3 dxc4 11. Bxc4 Bf5 12. Re1 Nd7 13. a4 Qa5 14. Nh4 Nb6 15. Bb3 Rae8 16. Bd2 Rxe1+ 17. Qxe1 Bd7 18. c4 Qh5 19. g3 Re8 20. Qf1 Qe2 21. Qxe2 Rxe2 22. Ra2 Be6 23. Kf1 Re4 24. d5 cxd5 25. cxd5 Bxd5 26. Bxd5 Nxd5 27. Nf5 Bf8 28. a5 g6 29. Ne3 Nxe3+ 30. Bxe3 a6 31. Rb2 Bb4 32. Bb6 f5 33. Rc2 Kf7 34. h4 Bd6 35. Kg2 h5 36. Rc8 Re8 37. Rc2 f4 38. Kf3 fxg3 39. fxg3 Re5 40. Rd2 Rf5+ 41. Kg2 Ke6 42. Rd3 Bb4 43. Rb3 Rb5 44. Re3+ Re5 45. Rb3 Re4 46. Kf3 Rc4 47. Re3+ Kf5 48. Re8 Rc3+ 49. Kg2 Bd6 50. Bf2 Ra3 51. Rd8 Ke6 52. Rg8 Kf7 53. Rd8 Ke7 54. Rg8 Ra2 55. Kf3 Kf7 56. Rd8 Be7 57. Rd7 Rxa5 58. Rxb7 Rf5+ 59. Kg2 a5 60. Ra7 Kf8 61. Bb6 Bb4 62. Be3 Ke8 63. Ra6 Kf7 64. Ra7+ Ke8 65. Ra6 Kf7 66. Ra7+ Ke8 1/2-1/2

[Event "Chess Super League 2021"]
[Site "Online"]
[Date "2021.10.14"]
[Round "4.3"]
[White "Arpita, Mukherjee"]
[Black "Salonika, Saina"]
[Result "1-0"]
[ECO "B53"]
[WhiteElo "2229"]
[BlackElo "2206"]
[Annotator "NA"]
[PlyCount "43"]
[EventDate "2021.10.11"]
[EventType "team-tourn"]
[EventCountry "NET"]
[SourceTitle "playchess.com"]
[Source "ChessBase"]
[SourceQuality "1"]
[TimeControl "900+10"]

1. e4 c5 2. Nf3 d6 3. Bb5+ Nc6 4. d4 cxd4 5. Qxd4 Bd7 6. Bxc6 bxc6 7. c4 c5 8. Qd3 g6 9. Nc3 Nf6 10. O-O Bg7 11. Bg5 O-O 12. Rad1 Bc6 13. Rfe1 Qb6 14. b3 h6 15. Bh4 a5 16. e5 dxe5 17. Nxe5 Rad8 18. Qe2 e6 19. Rxd8 Rxd8 20. Nxf7 Re8 21. Nd6 Re7 22. Nc8 1-0

[Event "Chess Super League 2021"]
[Site "Online"]
[Date "2021.10.15"]
[Round "5.1"]
[White "Tania, Sachdev"]
[Black "Soumya, Swaminathan"]
[Result "0-1"]
[ECO "A65"]
[WhiteElo "2392"]
[BlackElo "2351"]
[Annotator "NA"]
[PlyCount "76"]
[EventDate "2021.10.11"]
[EventType "team-tourn"]
[EventCountry "NET"]
[SourceTitle "playchess.com"]
[Source "ChessBase"]
[SourceQuality "1"]
[TimeControl "900+10"]

1. d4 Nf6 2. c4 g6 3. f3 c5 4. d5 e6 5. e4 d6 6. Nc3 exd5 7. cxd5 Bg7 8. Nge2 a6 9. a4 Nbd7 10. Ng3 h5 11. Bg5 h4 12. Nge2 Qa5 13. h3 Ne5 $15 14. Nc1 c4 15. Qd2 b5 16. Be2 b4 17. Nd1 Bd7 18. O-O Rc8 19. Nf2 Nh5 20. Bxh4 c3 21. bxc3 bxc3 22. Qe3 Bh6 23. Bg5 Bxg5 24. Qxg5 Qb6 25. a5 Qa7 26. f4 Qe3 27. Bxh5 Rxh5 28. Qf6 Nf3+ 29. Kh1 Nd2 30. Ncd3 Nxf1 31. Rxf1 c2 32. Nc1 Qc5 33. Nfd3 Qe3 34. Nf2 Bb5 35. Qg7 Bxf1 36. Qg8+ Ke7 37. Qxc8 Qxf2 38. Qc7+ Kf8 0-1

[Event "Chess Super League 2021"]
[Site "Online"]
[Date "2021.10.15"]
[Round "5.1"]
[White "Priyanka, K."]
[Black "Arpita, Mukherjee"]
[Result "1-0"]
[ECO "B56"]
[WhiteElo "2218"]
[BlackElo "2229"]
[Annotator "NA"]
[PlyCount "141"]
[EventDate "2021.10.11"]
[EventType "team-tourn"]
[EventCountry "NET"]
[SourceTitle "playchess.com"]
[Source "ChessBase"]
[SourceQuality "1"]
[TimeControl "900+10"]

1. e4 c5 2. Nf3 d6 3. d4 cxd4 4. Nxd4 Nf6 5. Nc3 Nc6 6. g3 e5 7. Nde2 Be7 8. Bg2 O-O 9. O-O Bd7 10. h3 a6 11. a4 $11 Nb4 12. f4 Bc6 13. Nd5 Bxd5 14. exd5 a5 15. c3 Na6 16. Be3 exf4 17. Nxf4 Nd7 18. Nd3 Bf6 19. Ra3 Ne5 20. Nxe5 Bxe5 21. Qg4 b6 22. b4 Rc8 23. Bd2 Qc7 24. Be4 Qc4 25. Bf5 Qxg4 26. Bxg4 Rc7 27. Be2 Nb8 28. bxa5 bxa5 29. c4 Bd4+ 30. Kg2 Ra7 31. Rb1 Nd7 32. Rb5 Rfa8 33. Rab3 g6 34. Bd1 Kg7 35. Rb7 Ne5 36. Rxa7 Rxa7 37. Be2 Nd7 38. Rb5 Nc5 39. Bd1 Nb7 40. Kf3 f5 41. g4 Kf6 42. Bc2 Ke5 43. Bf4+ Kf6 44. gxf5 gxf5 45. Bd2 Ke5 46. Be1 Kf6 47. Kf4 Be5+ 48. Ke3 Nc5 49. Rxa5 Rg7 50. Bh4+ Kg6 51. Ra8 Kh5 52. Bf2 f4+ 53. Kf3 Nd7 54. Ra7 Bc3 55. Bf5 Ne5+ 56. Kxf4 Bd2+ 57. Ke4 Rxa7 58. Bxa7 Ba5 59. Kd4 Nf3+ 60. Ke3 Ne5 61. c5 dxc5 62. Bxc5 h6 63. Ke4 Nf7 64. d6 Kg5 65. d7 Kf6 66. Bg4 Nd8 67. Kd5 Bc7 68. Bb4 Bb8 69. a5 Ba7 70. a6 Kf7 71. Bc5 1-0

[Event "Chess Super League 2021"]
[Site "Online"]
[Date "2021.10.15"]
[Round "5.2"]
[White "Kosteniuk, Alexandra"]
[Black "Muzychuk, Anna"]
[Result "0-1"]
[ECO "B45"]
[WhiteElo "2518"]
[BlackElo "2533"]
[Annotator "ChessBase"]
[PlyCount "54"]
[EventDate "2021.10.11"]
[EventType "team-tourn"]
[EventCountry "NET"]
[SourceTitle "playchess.com"]
[Source "ChessBase"]
[SourceQuality "1"]
[TimeControl "900+10"]

1. e4 c5 2. Nf3 e6 3. d4 cxd4 4. Nxd4 Nf6 5. Nc3 Nc6 6. Bf4 Bb4 7. Ndb5 Nxe4 8. Qf3 d5 9. Nc7+ Kf8 10. Nxa8 e5 11. Bc1 Nd4 12. Qd1 Qh4 13. Be3 Nxc3 14. Qd2 Nxa2 15. c3 Nb3 16. Qc2 Nxa1 17. Qb1 Nxc3 18. bxc3 Bxc3+ 19. Ke2 Qc4+ 20. Qd3 Qa2+ 21. Kd1 Qb3+ 22. Ke2 Qb2+ 23. Kd1 Bd7 24. Bd2 Ba4+ 25. Ke1 Qc1+ 26. Ke2 Qd1+ 27. Ke3 Bd4+ 0-1

[Event "Chess Super League 2021"]
[Site "Online"]
[Date "2021.10.15"]
[Round "5.2"]
[White "Harika, Dronavalli"]
[Black "Karavade, Eesha"]
[Result "1-0"]
[ECO "A13"]
[WhiteElo "2511"]
[BlackElo "2345"]
[Annotator "ChessBase"]
[PlyCount "107"]
[EventDate "2021.10.11"]
[EventType "team-tourn"]
[EventCountry "NET"]
[SourceTitle "playchess.com"]
[Source "ChessBase"]
[SourceQuality "1"]
[TimeControl "900+10"]

1. c4 e6 2. Nf3 d5 3. b3 Nf6 4. Bb2 c5 5. e3 Nc6 6. cxd5 exd5 7. d4 cxd4 8. Nxd4 Bb4+ 9. Bc3 Qb6 10. Bxb4 Qxb4+ 11. Qd2 Qxd2+ 12. Kxd2 Nxd4 13. exd4 Bf5 14. Nc3 O-O-O 15. f3 h5 16. Rc1 Kb8 17. Bd3 Bxd3 18. Kxd3 Rhe8 19. Rhe1 Rxe1 20. Rxe1 Rd7 21. h4 Kc7 22. Rc1 Kb8 23. Ne2 Rc7 24. Rd1 Re7 25. Nf4 Kc7 26. Rc1+ Kd8 27. Rc5 Rd7 28. Kd2 b6 29. Rc1 Rc7 30. Re1 Re7 31. Re5 g6 32. a4 Rxe5 33. dxe5 Nd7 34. e6 fxe6 35. Nxe6+ Ke7 36. Nf4 Kf6 37. Nxd5+ Kf5 38. b4 Ke5 39. Ne7 Kf6 40. Nc6 a5 41. Kc3 axb4+ 42. Kxb4 g5 43. hxg5+ Kxg5 44. g3 h4 45. gxh4+ Kxh4 46. Kb5 Kg3 47. Nd4 Kf4 48. Kc6 Nc5 49. Ne6+ Nxe6 50. Kxb6 Ke5 51. a5 Kd6 52. a6 Nc5 53. a7 Na4+ 54. Ka5 1-0

[Event "Chess Super League 2021"]
[Site "Online"]
[Date "2021.10.15"]
[Round "5.2"]
[White "Salonika, Saina"]
[Black "Tarini Goyal"]
[Result "1/2-1/2"]
[ECO "B19"]
[WhiteElo "2206"]
[BlackElo "2164"]
[Annotator "ChessBase"]
[PlyCount "56"]
[EventDate "2021.10.11"]
[EventType "team-tourn"]
[EventCountry "NET"]
[SourceTitle "playchess.com"]
[Source "ChessBase"]
[SourceQuality "1"]
[TimeControl "900+10"]

1. e4 c6 2. d4 d5 3. Nc3 dxe4 4. Nxe4 Bf5 5. Ng3 Bg6 6. h4 h6 7. Nf3 Nd7 8. h5 Bh7 9. Bd3 Bxd3 10. Qxd3 e6 11. Bd2 Ngf6 12. O-O-O Be7 13. Ne4 Nxe4 14. Qxe4 Nf6 15. Qe2 Qd5 16. c4 Qe4 17. Qxe4 Nxe4 18. Be3 f5 19. Nd2 Nxd2 20. Kxd2 Kf7 21. Ke2 Rhd8 22. Rd3 Rd7 23. Rhd1 Rad8 24. b3 Bf6 25. R3d2 Rd6 26. Rd3 R6d7 27. R3d2 Rd6 28. Rd3 R6d7 1/2-1/2

[Event "Chess Super League 2021"]
[Site "Online"]
[Date "2021.10.15"]
[Round "5.3"]
[White "Kulkarni Bhakti"]
[Black "Muzychuk, Mariya"]
[Result "0-1"]
[ECO "D02"]
[WhiteElo "2388"]
[BlackElo "2536"]
[Annotator "ChessBase"]
[PlyCount "120"]
[EventDate "2021.10.11"]
[EventType "team-tourn"]
[EventCountry "NET"]
[SourceTitle "playchess.com"]
[Source "ChessBase"]
[SourceQuality "1"]
[TimeControl "900+10"]

1. d4 d5 2. Bf4 Nf6 3. Nf3 Bf5 4. c3 e6 5. e3 Bd6 6. Ne5 Nbd7 7. Bd3 O-O 8. O-O Bxe5 9. Bxe5 Nxe5 10. Bxf5 Nc4 11. b3 exf5 12. bxc4 dxc4 13. Na3 Qd5 14. Qa4 Ne4 15. Rac1 Nd6 16. Rb1 a6 17. Nc2 Ne4 18. Nb4 Qd6 19. Rb2 b5 20. Qa3 a5 21. Nc2 Rfb8 22. Qxd6 cxd6 23. Na3 d5 24. Nxb5 Nxc3 25. a4 Nxb5 26. axb5 a4 27. Ra1 a3 28. Rb4 Rb6 29. Kf1 g6 30. Ke2 Ra5 31. Ra2 Kg7 32. Rb1 g5 33. h3 Kg6 34. Kd2 h5 35. Kc3 h4 36. Rba1 Rbxb5 37. Rxa3 Rxa3+ 38. Rxa3 Rb1 39. Ra6+ f6 40. Ra5 Rg1 41. Rxd5 Rxg2 42. Rd7 g4 43. hxg4 fxg4 44. d5 h3 45. Rd8 Rxf2 46. d6 Kf7 47. d7 Ke7 48. Rg8 Kxd7 49. Rxg4 h2 50. Rh4 Ke6 51. Rh5 Kf7 52. Kxc4 Kg6 53. Rh8 Kf5 54. Kd3 Kg4 55. Rh6 Kg3 56. Rg6+ Kh3 57. Rh6+ Kg2 58. Rg6+ Kf1 59. Rh6 Kg1 60. Rg6+ Rg2 0-1

[Event "Chess Super League 2021"]
[Site "Online"]
[Date "2021.10.15"]
[Round "5.3"]
[White "Gomes, Mary Ann"]
[Black "Abdumalik, Zhansaya"]
[Result "0-1"]
[ECO "D76"]
[WhiteElo "2354"]
[BlackElo "2507"]
[Annotator "ChessBase"]
[PlyCount "110"]
[EventDate "2021.10.11"]
[EventType "team-tourn"]
[EventCountry "NET"]
[SourceTitle "playchess.com"]
[Source "ChessBase"]
[SourceQuality "1"]
[TimeControl "900+10"]

1. Nf3 Nf6 2. g3 g6 3. Bg2 Bg7 4. c4 O-O 5. O-O d5 6. cxd5 Nxd5 7. d4 Nb6 8. Nc3 Nc6 9. d5 Na5 10. Qc2 c6 11. dxc6 Nxc6 12. Rd1 Qe8 13. e4 Bg4 14. Be3 Nc4 15. Qe2 N6e5 16. Bd4 f5 17. Bxe5 Nxe5 18. Qe3 Nc4 19. Qc1 Rc8 20. exf5 gxf5 21. Rd3 e5 22. Nd2 e4 23. Nxc4 exd3 24. Nd6 Rxc3 25. bxc3 Qe5 26. Nc4 Qxc3 27. Rb1 Qxc1+ 28. Rxc1 Bh6 29. f4 Bg7 30. h3 Bd4+ 31. Kf1 Be2+ 32. Ke1 b5 33. Bd5+ Kh8 34. Nd2 Re8 35. Rc6 Bg4+ 36. Re6 Rxe6+ 37. Bxe6 Bxh3 38. Bd7 a6 39. Bc8 a5 40. Ba6 b4 41. Bxd3 Kg7 42. Nc4 a4 43. Bc2 a3 44. Nd6 Kf6 45. Nb5 Bc5 46. Nc7 Bg2 47. Ne8+ Kf7 48. Nc7 Kf6 49. Ne8+ Kg6 50. Ke2 Bd5 51. Bb1 b3 52. axb3 Bxb3 53. g4 a2 54. gxf5+ Kf7 55. Nc7 axb1=Q 0-1

[Event "Chess Super League 2021"]
[Site "Online"]
[Date "2021.10.15"]
[Round "5.3"]
[White "Mrudul Dehankar"]
[Black "Savitha Shri B"]
[Result "0-1"]
[ECO "B67"]
[WhiteElo "2256"]
[BlackElo "2281"]
[Annotator "NA"]
[PlyCount "102"]
[EventDate "2021.10.11"]
[EventType "team-tourn"]
[EventCountry "NET"]
[SourceTitle "playchess.com"]
[Source "ChessBase"]
[SourceQuality "1"]
[TimeControl "900+10"]

1. e4 c5 2. Nf3 d6 3. d4 cxd4 4. Nxd4 Nf6 5. Nc3 Nc6 6. Bg5 e6 7. Qd2 a6 8. O-O-O Bd7 9. f4 b5 10. Bxf6 gxf6 11. f5 Nxd4 12. Qxd4 Bh6+ 13. Kb1 Bf4 14. fxe6 fxe6 15. Be2 h5 16. Bf3 Be5 17. Qe3 Qc7 18. Ne2 Qc5 19. Qd2 O-O-O 20. Nf4 Bxf4 21. Qxf4 Qe5 22. Qxe5 dxe5 23. Rd6 a5 24. Rhd1 Kc7 25. h4 f5 26. Kc1 Rhg8 27. c3 Rh8 28. R1d2 Rh7 29. Kd1 b4 30. Ke1 bxc3 31. bxc3 Rhh8 32. Kf2 Rhf8 33. Kg1 Rh8 34. Kh2 Rhg8 35. g3 Rh8 36. Kg2 a4 37. Kh2 Rhf8 38. exf5 exf5 39. Bxh5 e4 40. R6d4 a3 41. Bd1 Be6 42. Kg2 Rxd4 43. Rxd4 Rb8 44. Ra4 Rb2+ 45. Kf1 Rxa2 46. h5 Ra1 47. Ke2 a2 48. Ra3 Rb1 49. h6 a1=Q 50. Rxa1 Rxa1 51. h7 Ra8 0-1